 Seeded DCSS version 0.31-a0-662-g684573625c (webtiles) character file.

Game seed: 3877469281160816543 (custom seed)

116 Mickster the Conjurer (level 4, -1/34 HPs)
             Began as a Demigod Conjurer on Aug 29, 2023.
             Killed from afar by Natasha (6 damage)
             ... with a puff of flame
             ... on level 2 of the Dungeon on Sept 2, 2023.
             The game lasted 00:23:10 (2879 turns).

Mickster the Conjurer (Demigod Conjurer)            Turns: 2879, Time: 00:23:11

Health: -1/34      AC:  3    Str: 10 (12) XL:     4   Next: 43%
Magic:  6/10       EV: 12    Int: 20      God:
Gold:   101        SH:  0    Dex: 11 (12) Spells: 6/7 levels left

rFire   . . .        c - +0 dagger (spect)
rCold   . . .        (no shield)
rNeg    . . .        a - +0 robe
rPois   .            e - +0 helmet
rElec   .            (no cloak)
rCorr   .            (no gloves)
SInv    .            (no boots)
Will    .....        (no amulet)
Stlth   ++           (no ring)
HPRegen 0.25/turn    (no ring)
MPRegen 0.12/turn

%: no passive effects
@: slowed, very slow
A: high MP 1, forlorn, divine attributes
a: no special abilities


You were on level 2 of the Dungeon.
You visited 1 branch of the dungeon, and saw 2 of its levels.

You collected 101 gold pieces.

Inventory:

Hand Weapons
 c - a +0 spectral dagger (weapon)
Missiles
 h - 4 poisoned darts
 j - 8 javelins (quivered)
Armour
 a - a +0 robe (worn)
 e - a +0 helmet (worn)
Scrolls
 b - a scroll of poison
 i - a scroll of torment {unknown}
 k - a scroll of fear {unknown}
Potions
 d - a potion of lignification {unknown}
 g - a potion of might {unknown}


   Skills:
 + Level 0.3 Fighting
 * Level 1.2 Short Blades
 + Level 2.1 Dodging
 + Level 2.1 Stealth
 * Level 2.4 Spellcasting
 * Level 4.5 Conjurations


You had 6 spell levels left.
You knew the following spells:

 Your Spells              Type           Power      Damage    Failure   Level
a - Magic Dart            Conj           80%        1d7       2%          1

Your spell library contained the following spells:

 Spells                   Type           Power      Damage    Failure   Level
 Searing Ray              Conj           40%        2d5       3%          2
 Dazzling Flash           Conj/Hex       22%        N/A       19%         3
 Fulminant Prism          Conj/Hex       5%         3d7       52%         4
 Iskenderun's Mystic Bla  Conj/Tloc      11%        2d4       52%         4


Dungeon Overview and Level Annotations

Branches:
Dungeon (2/15)

Annotations:
D:2 Natasha


Innate Abilities, Weirdness & Mutations

You have an increased reservoir of magic. (+10% MP)
You shall have no god before yourself.
Your divine heritage dramatically boosts your attributes as you level up.


Message History

Natasha is heavily wounded.
Natasha casts a spell at you.
You feel yourself slow down.
Throw: 9 javelins
Press: ? - help, Q - select action, (/) - cycle Shift-Dir - straight line, f/p - Natasha
Aim: Natasha, carrying a wand of flame (heavily wounded, 40% to hit)
You throw a javelin. The javelin closely misses Natasha.
You closely miss Natasha.
Natasha is heavily wounded.
Natasha barely misses you. Natasha claws you but does no damage.
You closely miss Natasha.
Natasha is heavily wounded.
Natasha casts a spell.
You hit Natasha. Your punch misses Natasha.
Natasha is severely wounded.
Natasha claws you.
The cerulean imp hits you but does no damage.
Natasha closely misses you.
You barely miss Natasha.
Natasha is severely wounded.
The cerulean imp hits you but does no damage.
Natasha casts a spell at you. The magic dart hits you!
* * * LOW HITPOINT WARNING * * *
You barely miss Natasha.
Natasha is severely wounded.
The cerulean imp hits you with a +1 spear.
* * * LOW HITPOINT WARNING * * *
Natasha barely misses you.
The cerulean imp hits you with a +1 spear.
* * * LOW HITPOINT WARNING * * *
You feel better. Natasha completely misses you.
The cerulean imp barely misses you. Natasha claws you.
* * * LOW HITPOINT WARNING * * *
You miss the cerulean imp.
The cerulean imp hits you with a +1 spear.
* * * LOW HITPOINT WARNING * * *
Natasha zaps a wand.
The puff of flame hits you.
You die...
Natasha begins licking her fur clean.

...###.###..........#########
.'.#.......h.<............. .
#.#h###........).......... ..
#...# #................... ..
#...# #######.............
..#.#.# #....####.###.
####..#†# ###### #.# #.
......#.#################.###.
......(....†h@5...........(.÷.
##.#......###############.###.
#.#..#.#.# #. #. #.#..#.# ..
#. #<...#.# ... #. #.#..#.#
##.. #. ######.# #.. #. ..#
### #. #.


You could see Natasha and a cerulean imp (summoned).

Vanquished Creatures
  Natasha (twice) (D:2)
  2 adders (D:2)
  2 dart slugs (D:1)
  5 ball pythons
  2 endoplasms
  4 goblins (D:1)
  6 hobgoblins
  4 jackals (D:2)
  A quokka (D:2)
  7 bats
  4 frilled lizards
  4 kobolds
43 creatures vanquished.

Notes
Turn   | Place    | Note
-------+----------+-------------------------------------------
     0 | D:1      | Mickster the Demigod Conjurer began the quest for the Orb.
     0 | D:1      | Reached XP level 1. HP: 14/14 MP: 5/5
   231 | D:1      | Reached skill level 4 in Conjurations
   369 | D:1      | Reached XP level 2. HP: 20/20 MP: 4/7
  1017 | D:1      | Upgraded the game from 0.31-a0-640-g39d97e502b to
                  | 0.31-a0-656-gb4d89c20fa
  1017 | D:1      | Upgraded the game from 0.31-a0-656-gb4d89c20fa to
                  | 0.31-a0-662-g684573625c
  1938 | D:2      | Reached XP level 3. HP: 17/26 MP: 8/8
  2436 | D:2      | Noticed Natasha
  2448 | D:2      | Killed Natasha
  2449 | D:2      | Reached skill level 1 in Short Blades
  2559 | D:2      | Reached XP level 4. HP: 22/33 MP: 10/10
  2848 | D:2      | Noticed Natasha
  2854 | D:2      | Killed Natasha
  2855 | D:2      | Noticed Natasha
  2879 | D:2      | Killed from afar by Natasha

Illustrated notes

Levels and vault maps discovered:
D:1:      amcnicky_arrival_abandoned_market, layout_basic,
          shapermc_ecumenical_altar_hornbeckon, nicolae_houndstooth_variations
D:2:      layout_basic, st_stairs_9, uniq_natasha

Skill      XL: |  1  2  3 |
---------------+----------+-----
Conjurations   | 4 |  4.5
Spellcasting   | 2 |  2.4
Short Blades   | 1 |  1.2
Dodging        | 2 |  2.1
Stealth        | 2 |  2.1
Fighting       | |  0.3

Action                     |  1- 3 |  4- 6 || total
---------------------------+-------+-------++-------
  Melee: Dagger            |   108 |    19 ||   127
         Punch             |     1 |       ||     1
  Throw: Javelin           |       |     1 ||     1
   Cast: Magic Dart        |    40 |     9 ||    49
    Use: Scroll            |     4 |       ||     4
         Potion            |     4 |     1 ||     5
   Stab: Sleeping          |       |     1 ||     1
 Armour: Robe              |    71 |    23 ||    94
  Dodge: Dodged            |    76 |     8 ||    84

Table legend: (Time is in decaauts)
 A = Elapsed time spent in this place.
 B = Non-inter-level travel time spent in this place.
 C = Inter-level travel time spent in this place.
 D = Time resting spent in this place.
 E = Time spent auto-exploring this place.
 F = Levels seen in this place.
 G = Mean time per level.
                   A        B        C        D        E       F      G
               +--------+--------+--------+--------+--------+-----+--------+
         Total |   2893 |   2832 |     61 |    809 |   1354 |   2 | 1446.5 |
       Dungeon |   2893 |   2832 |     61 |    809 |   1354 |   2 | 1446.5 |
               +--------+--------+--------+--------+--------+-----+--------+

Top non-repeatable levels by time:
     D:1: 1792 daAuts
     D:2: 1100 daAuts
